 Dungeon Crawl Stone Soup version 0.17-a0-977-g4154171 (webtiles) character file.

3059 RobertPalmer the Transmogrifier (level 9, 0/53 HPs)
             Began as an Octopode Transmuter on May 9, 2015.
             Was a Believer of Makhleb.
             Slain by a quokka (4 damage)
             ... on level 7 of the Dungeon on May 10, 2015.
             The game lasted 00:29:26 (11922 turns).

RobertPalmer the Transmogrifier (OpTm)             Turns: 11922, Time: 00:29:26

Health: 0/53       AC:  1    Str:  9    XL:     9   Next: 87%
Magic:  12/12      EV: 17    Int: 15    God:    Makhleb [**....]
Gold:   529        SH:  0    Dex: 16    Spells: 3 memorised, 3 levels left

rFire  . . .     SeeInvis .       - Unarmed
rCold  . . .     Clarity  .     (no shield)
rNeg   . . .     SustAb   .     (helmet restricted)
rPois  .         Gourm    .     (no amulet)
rElec  .         Spirit   .     (no ring)
rCorr  .         Warding  .     (no ring)
rMut   .         Stasis   .     (no ring)
MR     .....                    (no ring)
Stlth  ++........               (no ring)
                                (no ring)
                                (no ring)
                                (no ring)

@: not resistant to hostile enchantments, unstealthy
A: almost no armour, amphibious, 8 rings, constrict 8, camouflage 1, gelatinous
body 1
a: Minor Destruction, Renounce Religion


You were on level 7 of the Dungeon.
You worshipped Makhleb.
Makhleb was pleased with you.
You were not hungry.

You visited 2 branches of the dungeon, and saw 9 of its levels.
You also visited: Ossuary.

You collected 529 gold pieces.

Inventory:

Hand weapons
 b - a +0 blowgun
   (You took it off a kobold on level 5 of the Dungeon)
Missiles
 w - 9 arrows of frost
 x - 5 javelins (quivered)
 y - 10 poisoned needles
 Z - 37 arrows
Jewellery
 q - an uncursed ring of fire {rF+, rC-}
   (You found it on level 5 of the Dungeon)
Magical devices
 h - a wand of disintegration (5)
   (You found it on level 5 of the Dungeon)
 o - a wand of teleportation (0)
   (You found it on level 5 of the Dungeon)
 r - a wand of polymorph (0)
   (You found it on level 5 of the Dungeon)
Scrolls
 e - 2 scrolls of amnesia
 f - 5 scrolls of remove curse
 l - a scroll of immolation {!r}
 p - a scroll of fog
 A - 2 scrolls of identify
Potions
 g - 4 potions of flight
 i - a potion of curing {unknown}
 j - 2 potions of brilliance
 m - 3 potions of resistance
 t - 2 potions of degeneration {unknown}
 u - 2 potions of might
 B - a potion of poison {unknown}
Books
 d - a book of Changes
Comestibles
 c - 4 bread rations {@e1}
 s - 3 meat rations {@e2}
 z - 3 fruits


   Skills:
 - Level 1.0 Fighting
 - Level 7.3 Dodging
 - Level 7.8 Unarmed Combat
 - Level 2.0 Spellcasting
 + Level 9.1 Transmutations


You had 3 spell levels left.
You knew the following spells:

 Your Spells              Type           Power        Failure   Level  Hunger
a - Ice Form              Ice/Trmt       ###.....     34%         4    #####..
c - Spider Form           Trmt/Pois      ###.......   12%         3    ###....
s - Sticks to Snakes      Trmt           ####......   1%          2    ###....


Dungeon Overview and Level Annotations

Branches:
Dungeon (8/15)             Temple (1/1) D:5
   Lair: D:8-11

Altars:
Cheibriados
Dithmenos
Elyvilon
Fedhas
Gozag
Kikubaaqudgha
Makhleb
Nemelex Xobeh
Okawaru
Qazlal
Ru
Sif Muna
Trog
Vehumet
Xom
Yredelemnul
Zin
The Shining One

Annotations:
D:5 Hanyuu's ghost, experienced OpTm


Innate Abilities, Weirdness & Mutations

You cannot wear most types of armour.
You are amphibious.
You can wear up to eight rings at the same time.
You can use your tentacles to constrict eight enemies at once.
Your skin changes colour to match your surroundings (Stealth).
Your rubbery body absorbs attacks (AC +1).


Message History

t - Shout!
Orders for allies: a - Attack new target. r - Retreat! s - Stop attacking. w - Wait here. f - Follow me.
Anything else - Stay silent.
You shout for attention!
What do you say? t - Shout!
Orders for allies: a - Attack new target. r - Retreat! s - Stop attacking. w - Wait here. f - Follow me.
Anything else - Stay silent.
You shout for attention!
What do you say? t - Shout!
Orders for allies: a - Attack new target. r - Retreat! s - Stop attacking. w - Wait here. f - Follow me.
Anything else - Stay silent.
Okay, then.
You start waiting.
Done waiting.
You start waiting.
Done waiting.
You start waiting.
Done waiting.
Aim: a wasp You shoot a poisoned needle.
The poisoned needle hits the wasp!
The wasp is poisoned.
Aim: a wasp (lightly wounded, poisoned)
You shoot a poisoned needle. The poisoned needle hits the wasp!
The wasp looks even sicker.
The wasp stings you!
You feel yourself slow down.
You take 12 damage, and have 41/53 hp.
MASSIVE DAMAGE!!
Aim: a soldier ant You shoot a poisoned needle.
The poisoned needle hits the wasp!
The wasp completely misses you. The wasp stings you!
You are poisoned.
You feel as though you will be slow longer.
You take 11 damage, and have 30/53 hp.
MASSIVE DAMAGE!!
Unknown command.
You feel sick.
You kill the wasp!
Makhleb accepts your kill.
You feel a little better.
Your Transmutations skill increases to level 9!
You regained 6 hp, and now have 36/53 hp.
Aim: a soldier ant You shoot a poisoned needle.
The poisoned needle hits the soldier ant.
The soldier ant is poisoned.
You feel sick. The soldier ant stings you! The soldier ant stings you!
* * * LOW HITPOINT WARNING * * *
You take 27 damage, and have 9/53 hp.
MASSIVE DAMAGE!!
Here: a soldier ant (lightly wounded, poisoned)
The floor, spattered with blood.
You feel yourself speed up.
You feel sick. The soldier ant stings you.
* * * LOW HITPOINT WARNING * * *
You take 2 damage, and have 8/53 hp.
Drink which item? (? for menu, Esc to quit)
Okay, then.
You feel sick.
An adder comes into view.
The soldier ant looks more healthy.
You feel sick.
You take 1 damage, and have 7/53 hp.
The floor.
You feel sick.
You are no longer poisoned.
You take 1 damage, and have 7/53 hp.
Drink which item? (? for menu, Esc to quit)
Okay, then.
There is an escape hatch in the ceiling here.
Things that are here:
a plate armour; a long sword Read which item? (? for menu, Esc to quit)
Okay, then.
Really attack while wielding your +0 blowgun? [Y]es or [N]o only, please.
Really attack while wielding your +0 blowgun? [Y]es or [N]o only, please.
Really attack while wielding your +0 blowgun?
Okay, then.
The quokka completely misses you. The quokka bites you.
* * * LOW HITPOINT WARNING * * *
You take 2 damage, and have 7/53 hp.
The quokka closely misses you. The quokka barely misses you.
There is a stone staircase leading up here.
The quokka bites you.
* * * LOW HITPOINT WARNING * * *
You climb upwards.
There is a stone staircase leading down here.
You take 4 damage, and have 4/53 hp.
You are now empty-tentacled.
The quokka bites you.
You die...

# ##..## #....#
#..###'###.
##..###..#.###..# #.# #.
##.............###.###)
##........#...'.._..'.
#....###.##..#######.
#...## #.##..# ### #.
#...## #.##..#######.
#....###.............
##..@.....#........[.
#.r...##.######.....
##....##..# ######
#....###)# ##....###.#
#####
##.......#.###...####
#####...................#
##......###.....#.........
#....#### #...#..#.....###


You could see a quokka.

Vanquished Creatures
  Sigmund (D:6)
  A warg (D:8)
  A sky beast (D:7)
  A wasp (D:8)
  A phantom (D:7)
  A black bear (D:8)
  4 ogres
  An elf zombie (Ossuary)
  A giant frog (D:8)
  2 scorpions
  A killer bee (D:7)
  7 wights
  2 giant frog zombies
  4 crimson imps
  A hound (D:7)
  An orc wizard (D:4)
  A centaur zombie (D:8)
  A jelly (D:6)
  2 orc priests
  A giant frog skeleton (D:7)
  2 iguanas (D:7)
  Jessica (D:2)
  A centaur skeleton (D:4)
  4 worker ants
  2 hound zombies
  A worker ant zombie (D:6)
  2 mummies (Ossuary)
  6 gnolls
  9 adders
  A worm (D:2)
  7 giant geckos
  10 orcs
  17 goblins
  18 hobgoblins
  6 jackals
  2 quokkas
  A ball python (D:2)
  13 bats
  4 giant cockroaches
  5 giant newts
  A jackal zombie (Ossuary)
  13 kobolds
  17 rats
  A rat zombie (Ossuary)
  A ballistomycete (D:6)
180 creatures vanquished.

Vanquished Creatures (collateral kills)
  A hill giant (D:7)
  Edmund (D:6)
  A sky beast (D:5)
  4 ogres
  A big kobold (D:5)
  An elf zombie (Ossuary)
  A wight (D:8)
  A human zombie (Ossuary)
  A worker ant (D:4)
  2 mummies (Ossuary)
  A gnoll (D:6)
  A bat (D:4)
  A hobgoblin (D:5)
  2 gnoll zombies (Ossuary)
  A goblin zombie (Ossuary)
  A hobgoblin zombie (Ossuary)
  A jackal (D:5)
  A kobold (D:5)
  An orc zombie (Ossuary)
  A rat (D:7)
25 creatures vanquished.

Vanquished Creatures (others)
  A quokka (D:7)
  2 giant spores
  A hobgoblin zombie (Ossuary)
4 creatures vanquished.

Grand Total: 209 creatures vanquished

Notes
Turn   | Place    | Note
--------------------------------------------------------------
     0 | D:1      | RobertPalmer, the Octopode Transmuter, began the quest for the Orb.
     0 | D:1      | Reached XP level 1. HP: 13/13 MP: 3/3
   338 | D:1      | Reached XP level 2. HP: 9/18 MP: 3/5
   554 | D:1      | Reached skill level 3 in Transmutations
   685 | D:1      | HP: 4/18 [gnoll (4)]
   686 | D:1      | Reached XP level 3. HP: 5/23 MP: 4/6
  1480 | D:1      | HP: 5/23 [hobgoblin/club (2)]
  2018 | D:2      | Found an opulent altar of Gozag.
  2067 | D:2      | Reached skill level 4 in Transmutations
  2098 | D:2      | Found a shadowy altar of Dithmenos.
  2137 | D:2      | Reached XP level 4. HP: 20/28 MP: 5/7
  2510 | D:2      | Found a sparkling altar of Nemelex Xobeh.
  2537 | D:2      | Noticed Jessica
  2545 | D:2      | Killed Jessica
  2618 | D:2      | Reached skill level 5 in Transmutations
  2685 | D:2      | Reached XP level 5. HP: 27/33 MP: 6/8
  2841 | D:2      | Found a shimmering altar of Xom.
  2915 | D:3      | HP: 4/33 [orc priest/divine providence (9)]
  3621 | D:3      | Learned a level 3 spell: Spider Form
  3624 | D:3      | Learned a level 2 spell: Sticks to Snakes
  4296 | D:4      | Noticed an ogre
  4322 | D:4      | Killed an ogre
  4322 | D:4      | Reached skill level 6 in Transmutations
  4322 | D:4      | Reached XP level 6. HP: 38/38 MP: 2/9
  4379 | D:4      | HP: 9/38 [centaur skeleton (6)]
  4902 | D:4      | Found a sacrificial altar of Ru.
  4985 | D:4      | Upgraded the game from 0.17-a0-968-gf8e1f1d to 0.17-a0-977-g4154171
  5061 | D:5      | Entered Level 5 of the Dungeon
  5139 | D:5      | Noticed Hanyuu's ghost (experienced OpTm)
  5245 | D:5      | Found a shimmering altar of Xom.
  5250 | D:5      | Reached skill level 3 in Dodging
  5250 | D:5      | Reached XP level 7. HP: 36/43 MP: 10/10
  5359 | D:5      | Reached skill level 4 in Dodging
  5383 | D:5      | Found a sand-covered staircase.
  5388 | Ossuary  | Entered an ossuary
  5495 | Ossuary  | Reached skill level 5 in Dodging
  6100 | D:5      | Reached skill level 6 in Dodging
  6100 | D:5      | Reached XP level 8. HP: 41/48 MP: 7/11
  6124 | D:5      | Found a staircase to the Ecumenical Temple.
  6133 | Temple   | Entered the Ecumenical Temple
  6197 | Temple   | Became a worshipper of Makhleb the Destroyer
  6519 | D:6      | Noticed Edmund
  6891 | D:6      | Reached skill level 7 in Dodging
  6952 | D:6      | Found a glowing silver altar of Zin.
  7011 | D:6      | Killed Edmund
  7051 | D:6      | Found a deep blue altar of Sif Muna.
  7070 | D:6      | Noticed Sigmund
  7120 | D:6      | Killed Sigmund
  7120 | D:6      | Reached skill level 4 in Unarmed Combat
  7147 | D:6      | Acquired Makhleb's first power
  7349 | D:7      | Found a white marble altar of Elyvilon.
  7381 | D:7      | Reached skill level 5 in Unarmed Combat
  7638 | D:7      | Reached skill level 6 in Unarmed Combat
  7663 | D:7      | Reached XP level 9. HP: 47/53 MP: 9/12
  7767 | D:6      | Reached skill level 7 in Unarmed Combat
  7992 | D:7      | Noticed a hill giant
  8022 | D:7      | Killed a hill giant
  8113 | D:7      | Found an ancient bone altar of Kikubaaqudgha.
  8313 | D:7      | Learned a level 4 spell: Ice Form
  8414 | D:7      | Reached skill level 7 in Transmutations
  9180 | D:7      | Acquired Makhleb's second power
  9207 | D:7      | HP: 13/53 [ice beast (14)]
  9758 | D:8      | Found a basalt altar of Yredelemnul.
  9773 | D:8      | Found an iron altar of Okawaru.
  9791 | D:8      | Reached skill level 8 in Transmutations
 10226 | D:8      | Paralysed by a wasp for 3 turns
 10229 | D:8      | HP: 7/53 [wasp (9)]
 10239 | D:8      | HP: 13/53 [poisoned by a wasp]
 10244 | D:8      | HP: 9/53 [poisoned by a wasp]
 10250 | D:8      | HP: 7/53 [poisoned by a wasp]
 10257 | D:7      | HP: 4/53 [poisoned by a wasp]
 10264 | D:7      | HP: 3/53 [poisoned by a wasp]
 10269 | D:7      | HP: 3/53 [poisoned by a wasp]
 10275 | D:7      | HP: 2/53 [poisoned by a wasp]
 10283 | D:7      | HP: 2/53 [poisoned by a wasp]
 11881 | D:8      | Reached skill level 9 in Transmutations
 11882 | D:8      | HP: 9/53 [soldier ant (13)]
 11888 | D:8      | HP: 8/53 [poisoned by a wasp]
 11896 | D:8      | HP: 7/53 [poisoned by a wasp]
 11912 | D:8      | HP: 7/53 [quokka (3)]
 11920 | D:8      | HP: 4/53 [quokka (4)]
 11922 | D:7      | Slain by a quokka

Vault maps used:
D:1:      lemuel_arrival_hallway
D:2:      lemuel_coloured_pillars_altar, old_standard_altar,
          lemuel_crystal_altar, grunt_dithmenos_smoke_and_mirrors,
          roderic_roman_lattice, uniq_jessica
D:4:      nicolae_ru_path_of_blood, first_bread
D:5:      temple_hall, nicolae_ossuary_entry_false_entrances, basic_altar
D:6:      zin_treasury, lemuel_round_altar, serial_bayou, serial_bayou_pond_a,
          serial_bayou_ford_a, serial_bayou_crossing, serial_bayou_pond_c,
          uniq_edmund, uniq_sigmund
D:7:      lemuel_doored_altar, elyvilon_altar_4
D:8:      lemuel_round_altar, yredelemnul_forgotten_temple_becter,
          hangedman_pestilent_swarm, uniq_psyche
Temple:   nicolae_temple_figure_zero
Ossuary:  ossuary_minmay_tomb_2a

Action                   |  1- 3 |  4- 6 |  7- 9 || total
-------------------------+-------+-------+-------++-------
Melee: Unarmed           |    90 |   159 |   287 ||   536
 Fire: Blowgun           |       |       |     7 ||     7
Throw: Throwing net      |       |       |     1 ||     1
 Cast: Beastly Appendage |    13 |    24 |       ||    37
       Sticks to Snakes  |       |    11 |    39 ||    50
       Spider Form       |       |     8 |    21 ||    29
Invok: Minor Destruction |       |       |     3 ||     3
 Abil: End Transformatio |       |       |     1 ||     1
Evoke: Wand              |       |       |    10 ||    10
  Use: Scroll            |       |    10 |     8 ||    18
       Potion            |       |       |    10 ||    10
 Stab: Sleeping          |     4 |     5 |     5 ||    14
  Eat: Chunk             |     4 |    10 |    10 ||    24
       Beef jerky        |       |     1 |       ||     1
       Bread ration      |       |       |     3 ||     3
       Royal jelly       |       |       |     2 ||     2
       Pizza             |       |       |     2 ||     2

Vault maps used:
D:1:      lemuel_arrival_hallway
D:2:      lemuel_coloured_pillars_altar, old_standard_altar,
          lemuel_crystal_altar, grunt_dithmenos_smoke_and_mirrors,
          roderic_roman_lattice, uniq_jessica
D:4:      nicolae_ru_path_of_blood, first_bread
D:5:      temple_hall, nicolae_ossuary_entry_false_entrances, basic_altar
D:6:      zin_treasury, lemuel_round_altar, serial_bayou, serial_bayou_pond_a,
          serial_bayou_ford_a, serial_bayou_crossing, serial_bayou_pond_c,
          uniq_edmund, uniq_sigmund
D:7:      lemuel_doored_altar, elyvilon_altar_4
D:8:      lemuel_round_altar, yredelemnul_forgotten_temple_becter,
          hangedman_pestilent_swarm, uniq_psyche
Temple:   nicolae_temple_figure_zero
Ossuary:  ossuary_minmay_tomb_2a

Table legend:
 A = Turns spent in this place as a percentage of turns spent in the entire game.
 B = Non-inter-level travel turns spent in this place as a percentage of non-inter-level travel turns spent in the entire game.
 C = Inter-level travel turns spent in this place as a percentage of turns spent in this place.
 D = Turns resting spent in this place as a percentage of non-inter-level travel turns spent in this place.
 E = Turns spent auto-exploring this place as a percentage of non-inter-level travel turns spent in this place.
 F = Non-inter-level travel turns spent in this place divided by the number of levels of this place that you've seen.
                   A       B       C       D       E      F
               +-------+-------+-------+-------+-------+----------------------
         Total | 100.0 | 100.0 |   0.4 |   2.7 |   4.0 | 450.6
       Dungeon |  89.1 |  89.1 |   0.4 |   3.0 |   4.5 | 501.6
        Temple |   1.7 |   1.7 |   0.0 |   0.0 |   0.0 |  76.0
       Ossuary |   9.2 |   9.3 |   0.0 |   0.5 |   0.0 | 417.0
               +-------+-------+-------+-------+-------+----------------------

Table legend:
 A = Kills in this place as a percentage of kills in entire the game.
 B = Kills by you in this place as a percentage of kills by you in the entire game.
 C = Kills by friends in this place as a percentage of kills by friends in the entire game.
 D = Other kills in this place as a percentage of other kills in the entire game.
 E = Experience gained in this place as a percentage of experience gained in the entire game.
 F = Experience gained in this place divided by the number of levels of this place that you have seen.
                   A       B       C       D       E      F
               +-------+-------+-------+-------+-------+----------------------
         Total | 100.0 | 100.0 | 100.0 |  -nan | 100.0 | 437.1
       Dungeon |  92.6 |  96.6 |  64.0 |  -nan |  95.3 | 520.5
       Ossuary |   7.4 |   3.4 |  36.0 |  -nan |   4.7 | 207.0
               +-------+-------+-------+-------+-------+----------------------
